 Dungeon Crawl Stone Soup version 0.29.0-4-gdea44cf6ec (webtiles) character file.

Game seed: 2360748116287078743

790 112233 the Conjurer (level 7, -2/44 HPs)
             Began as an Octopode Conjurer on Aug 27, 2022.
             Slain by an ice beast (8 damage)
             ... on level 6 of the Dungeon.
             The game lasted 00:05:43 (7077 turns).

112233 the Conjurer (Octopode Conjurer)             Turns: 7077, Time: 00:05:43

Health: -2/44      AC:  1    Str:  6    XL:     7   Next: 87%
Magic:  13/13      EV: 13    Int: 23    God:
Gold:   167        SH:  0    Dex: 10    Spells: 7/14 levels left

rFire   . . .      SeeInvis .   c - +0 short sword
rCold   . . .      Faith    .   (no shield)
rNeg    . . .      Spirit   .   (helmet restricted)
rPois   .          Reflect  .   (no amulet)
rElec   .          Harm     .   (no ring)
rCorr   .          Rampage  .   (no ring)
Will    .....                   (no ring)
Stlth   +++.......              (no ring)
HPRegen 0.14/turn               (no ring)
MPRegen 0.13/turn               (no ring)
                                (no ring)
                                (no ring)

@: no status effects
A: almost no armour, amphibious, 8 rings, camouflage 1, gelatinous body 1,
(nimble swimmer 1), tentacles
a: no special abilities


You were on level 6 of the Dungeon.
You visited 1 branch of the dungeon, and saw 7 of its levels.

You collected 167 gold pieces.

Inventory:

Hand Weapons
 c - a +0 short sword (weapon)
Missiles
 g - 22 poisoned darts
 p - a throwing net
Jewellery
 d - an amulet of reflection
Wands
 s - a wand of light (6)
Scrolls
 f - 4 scrolls of teleportation
 h - 3 scrolls of identify {unknown}
 l - 2 scrolls of noise {unknown}
 m - 2 scrolls of vulnerability {unknown}
 o - a scroll of fear {unknown}
Potions
 a - 2 potions of magic
 b - 3 potions of curing {unknown}
 e - a potion of degeneration {unknown}
 i - 2 potions of berserk rage {unknown}
 j - 2 potions of ambrosia {unknown}
 k - 2 potions of flight {unknown}
 n - 2 potions of might {unknown}
 q - 2 potions of cancellation {unknown}
 r - 2 potions of heal wounds {unknown}


   Skills:
 + Level 1.9 Fighting
 + Level 3.0 Dodging
 - Level 2.9 Stealth
 + Level 4.4 Spellcasting
 * Level 7.5 Conjurations


You had 7 spell levels left.
You knew the following spells:

 Your Spells              Type           Power      Damage    Failure   Level
a - Magic Dart            Conj           100%       1d8       1%          1
b - Searing Ray           Conj           80%        2d7       1%          2
c - Iskenderun's Mystic   Conj/Tloc      22%        2d6       22%         4

Your spell library contained the following spells:

 Spells                   Type           Power      Damage    Failure   Level
 Foxfire                  Conj/Fire      88%        2x1d8     2%          1
 Conjure Flame            Conj/Fire      22%        6-21      6%          3
 Dazzling Flash           Conj/Hex       44%        N/A       6%          3
 Stone Arrow              Conj/Erth      44%        3d9       6%          3
 Beastly Appendage        Tmut           10%        N/A       10%         1
 Necrotise                Necr           20%        1d5       10%         1
 Sandblast                Erth           10%        2d5       10%         1
 Passwall                 Tmut/Erth      4%         N/A       16%         2
 Wereblood                Tmut           5%         N/A       16%         2
 Flame Wave               Conj/Fire      22%        2d8       22%         4
 Fulminant Prism          Conj/Hex       11%        3d9       22%         4
 Ignite Poison            Fire/Tmut/Pois 5%         N/A       30%         3
 Inner Flame              Hex/Fire       5%         N/A       30%         3
 Spider Form              Tmut/Pois      5%         N/A       30%         3
 Vampiric Draining        Necr           5%         2d6       30%         3
 Leda's Liquefaction      Hex/Erth       2%         N/A       69%         4
 Agony                    Necr           5%         N/A       95%         5
 Blade Hands              Tmut           2%         N/A       95%         5


Dungeon Overview and Level Annotations

Branches:
Dungeon (7/15)
 Temple: D:4-7

Altars:
Kikubaaqudgha
Makhleb
Ru

Shops:
D:3 !   D:4 [


Innate Abilities, Weirdness & Mutations

You cannot wear most types of armour.
You are amphibious.
You can wear up to eight rings at the same time.
Your skin changes colour to match your surroundings (Stealth+).
Your rubbery body absorbs attacks. (AC +1, EV +1)
((You are camouflaged when in or above water. (Stealth+)))
You have tentacles for arms and can constrict up to eight enemies at once.


Message History

Found a sacrificial altar of Ru.
b - 3 viscous emerald potions (gained 1)
Things that are here:
a +0 dagger; a +0 robe; an orc corpse
n - 2 emerald potions (gained 1)
You open the door.
A steam dragon comes into view.
You close the door.
Things that are here:
a +0 dagger; a +0 robe; an orc corpse
As you read the scroll labelled IZXIWO LAEMNIH, it crumbles to dust.
You feel strangely unstable.
It was a scroll of teleportation.
Unknown command.
Unknown command.
Your surroundings seem slightly different.
You hear the brisk rusting of a very distant drain.
Found a green potion.
Found 11 gold pieces.
Found a stone staircase leading down.
r - 2 green potions (gained 1)
You hear the quick rusting of a very distant drain.
There is a stone staircase leading down here.
You now have 167 gold pieces (gained 11).
There is a stone staircase leading down here.
You climb downwards.
Found a glowing flail and a scroll labelled XAEVIGHO EGRU.
There is a stone staircase leading up here.
Unknown command.
The ice beast hits you. The ice beast freezes you!
You climb upwards.
You hear the sound of rushing water.
There is an entrance to a sewer on this level.
Hurry and find it before the portal rusts away!
There is a stone staircase leading down here.
Unknown command.
The ice beast attacks as you move away! The ice beast hits you.
The ice beast freezes you!
* * * LOW HITPOINT WARNING * * *
The ice beast attacks as you move away! The ice beast hits you.
* * * LOW HITPOINT WARNING * * *
The ice beast freezes you!
You die...

#####################
#...................###
#.................#...########
#............@Y...#...........
#..........##...###.≈≈≈≈≈≈≈≈≈.
##......#####+### #.≈.......≈.
#######.. ....≈..≈≈≈≈.≈. ...
.....≈.≈..§≈.≈. .....
......≈.≈._.≈.§. ##.##
#####.≈.≈...≈.≈. .#
..≈.§≈≈≈≈.≈. ...§§§≈.


You could see an ice beast.

Vanquished Creatures
  An ice beast (D:4)
  2 phantoms (D:5)
  2 scorpions
  A hound (D:4)
  An orc priest (D:5)
  A gnoll bouda (D:4)
  An iguana (D:4)
  2 orc wizards
  12 gnolls (D:4)
  5 adders
  A white imp (D:5)
  An ufetubus (D:5)
  A worm (D:3)
  A dart slug (D:1)
  5 orcs
  4 endoplasms
  5 giant cockroaches
  8 goblins
  12 hobgoblins
  9 jackals
  5 kobolds
  6 quokkas
  8 ball pythons
  3 bats (D:1)
  4 frilled lizards
  5 rats
106 creatures vanquished.

Vanquished Creatures (others)
  A plant (D:1)
1 creature vanquished.

Grand Total: 107 creatures vanquished

Notes
Turn   | Place    | Note
-------+----------+-------------------------------------------
     0 | D:1      | 112233 the Octopode Conjurer began the quest for the Orb.
     0 | D:1      | Reached XP level 1. HP: 11/11 MP: 3/3
   211 | D:1      | Reached XP level 2. HP: 15/17 MP: 0/5
   290 | D:1      | Learned a level 2 spell: Searing Ray
   823 | D:1      | Reached XP level 3. HP: 21/21 MP: 3/6
  1587 | D:2      | Reached skill level 5 in Conjurations
  1587 | D:2      | Reached XP level 4. HP: 27/27 MP: 1/8
  1791 | D:2      | Found a burning altar of Makhleb.
  1796 | D:2      | Got Det Ibead's Guide on Crystalline Shaping
  2186 | D:2      | You fall into a shaft and drop 1 floor!
  2240 | D:3      | Found an ancient bone altar of Kikubaaqudgha.
  2756 | D:3      | Learned a level 4 spell: Iskenderun's Mystic Blast
  3336 | D:3      | Found a faded altar of an unknown god.
  3398 | D:3      | Found Deiniahu's Distillery.
  3729 | D:4      | Found Peba's Armour Shoppe.
  3809 | D:4      | Reached XP level 5. HP: 31/31 MP: 5/9
  3968 | D:4      | Reached skill level 6 in Conjurations
  4208 | D:4      | Reached XP level 6. HP: 36/36 MP: 5/11
  5640 | D:4      | Noticed an ice beast
  5646 | D:4      | Killed an ice beast
  5647 | D:4      | Reached skill level 1 in Fighting
  5647 | D:4      | Reached skill level 7 in Conjurations
  5647 | D:4      | Reached XP level 7. HP: 38/43 MP: 2/13
  6171 | D:5      | Entered Level 5 of the Dungeon
  6786 | D:5      | Noticed a wyvern
  6964 | D:6      | Found a sacrificial altar of Ru.
  6984 | D:6      | Noticed a steam dragon
  7077 | D:6      | Slain by an ice beast

Illustrated notes

Levels and vault maps discovered:
D:1:      lemuel_arrival_behind_the_door_large, layout_basic, serial_forest,
          infiniplex_forest_straight_3, infiniplex_forest_clump_curved,
          infiniplex_forest_lined_3, infiniplex_forest_clump_medium,
          infiniplex_forest_end_3, infiniplex_forest_lined_3_way,
          infiniplex_forest_lined_2, infiniplex_forest_end_2
D:2:      layout_rooms, basic_altar, serial_forest, infiniplex_forest_lined_2,
          infiniplex_forest_end_2, infiniplex_forest_straight_2,
          infiniplex_forest_pool
D:3:      layout_basic, kiku_gazebo_garden_becter, serial_shops,
          nicolae_shop_stone, shapermc_ecumenical_altar_mp_highgroup
D:4:      layout_loops_ring, serial_shops, nicolae_stop_n_shop_2
D:5:      layout_basic, gammafunk_ghost_cemetery, uniq_menkaure
D:6:      layout_gridville, mainiacjoe_overflow_concentric_impassable,
          portal_sewer_entry_d
D:7:      layout_loops_ring, vehumet_altar_wand_db,
          minmay_temple_entry_enclosed_plants, uniq_maggie

Skill      XL: |  1  2  3  4  5  6  7 |
---------------+----------------------+-----
Conjurations   | 5 6 7 |  7.5
Spellcasting   | 3 4 |  4.4
Fighting       | 1 |  1.9
Dodging        | 3 |  3.0
Stealth        | |  2.9

Action                   |  1- 3 |  4- 6 |  7- 9 || total
-------------------------+-------+-------+-------++-------
Melee: Short sword       |     1 |    15 |       ||    16
       Tentacles         |       |     6 |       ||     6
       Constrict         |       |     4 |       ||     4
       Punch             |       |     1 |       ||     1
 Cast: Magic Dart        |    70 |   117 |    17 ||   204
       Searing Ray       |     2 |    13 |     9 ||    24
       Iskenderun's Myst |       |       |     1 ||     1
Evoke: Wand              |       |       |     1 ||     1
  Use: Scroll            |       |       |     1 ||     1
 Stab: Sleeping          |       |     1 |       ||     1
Armor: Skin              |       |     1 |       ||     1
Dodge: Dodged            |     5 |    25 |     4 ||    34
